 Dungeon Crawl Stone Soup version 0.30.1-11-g7821555f0a (webtiles) character file.

Game seed: 1511869466277616818

18 ChrisAssaf the Magician (level 2, -7/21 HPs)
             Began as a Djinni Fire Elementalist on Nov 22, 2023.
             Mangled by Crazy Yiuf
             ... wielding a +4 quarterstaff of chaos
              (12 damage)
             ... while paralysed by Crazy Yiuf
             ... on level 2 of the Dungeon.
             The game lasted 00:01:40 (362 turns).

ChrisAssaf the Magician (Djinni Fire Elementalist)   Turns: 362, Time: 00:01:40

Health: -7/21      AC:  2    Str:  7    XL:     2   Next: 85%
Gold:   0          EV:  2    Int: 16    God:
                   SH:  0    Dex: 13

rFire   + + .        g - +4 hammer
rCold   . . .        (no shield)
rNeg    . . .        a - +0 robe
rPois   ∞            (no helmet)
rElec   .            (no cloak)
rCorr   .            (no gloves)
SInv    .            (boots unavailable)
Will    .....        (no amulet)
Stlth   ++           c - ring of protection from cold
HPRegen 0.23/turn    (no ring)
MPRegen 0.00/turn

%: infuse magic (-8 HP)
@: paralysed, flying, very slightly contaminated
A: sickness immunity, fire resistance 2, cold vulnerability 1, float, innate
caster, HP casting, extra vitality 1
a: no special abilities


You were on level 2 of the Dungeon.
You visited 1 branch of the dungeon, and saw 2 of its levels.

Inventory:

Hand Weapons
 f - a +0 heavy hammer
 g - a +4 hammer (weapon)
Armour
 a - a +0 robe (worn)
Jewellery
 c - a ring of protection from cold (left hand)
Wands
 e - a wand of light (6)
Scrolls
 b - a scroll of poison {unknown}
 d - a scroll of fear {unknown}


   Skills:
 * Level 0.7 Armour
 * Level 2.3 Dodging
 * Level 1.6 Stealth
 * Level 2.8 Spellcasting


You knew the following spells:

 Your Spells              Type           Power      Damage    Failure   Level
a - Foxfire               Conj/Fire      44%        2x1d6     6%          1
b - Scorch                Fire           22%        2d5       9%          2
c - Volatile Blastmotes   Fire/Tloc      22%        2d11      17%         3
d - Inner Flame           Hex/Fire       11%        N/A       17%         3
e - Flame Wave            Conj/Fire      11%        2d6       50%         4
Your spell library was empty.

Dungeon Overview and Level Annotations

Branches:
Dungeon (2/15)

Altars:

Annotations:
D:2 Crazy Yiuf


Innate Abilities, Weirdness & Mutations

You are immune to sickness and miasma.
You are immune to poison.
Your flesh is very heat resistant. (rF++)
You are vulnerable to cold. (rC-)
You float through the air rather than walking.
You learn spells naturally, not from books.
Your magical power is your life essence.
You have superior vitality. (+4 MHP)


Message History

You kill the bat!
Found a curved iron wand.
b - a scroll labelled ICEOH REOWKEDAG
e - a wand of light (6)
You aren't carrying any potions.
Okay, then.
Found a stone staircase leading up.
Found a stone staircase leading down.
There is a stone staircase leading down here.
Found two hammers.
You see here a +0 heavy hammer.
f - a +0 heavy hammer
f - a +0 heavy hammer (weapon)
You see here a +0 hammer.
Found a runed hammer and six hammers.
Found a runed translucent door.
You see here a +0 hammer.
Found a hammer.
Crazy Yiuf shouts!
Crazy Yiuf twirls on the spot.
You see here a +4 hammer.
g - a +4 hammer
g - a +4 hammer (weapon)
You see here a +0 hammer.
Found three hammers.
You see here a +0 hammer.
You reach down and open the door.
Casting: Scorch (safe; 9% risk of failure)
Press: ? - help, Q - select action, (/) - cycle Dir - look around, f - activate You miscast Scorch.
You are very lightly contaminated with residual magic.
Nothing appears to happen.
Crazy Yiuf hits you with a +4 quarterstaff of chaos!
You suddenly lose the ability to move!
Crazy Yiuf grits, "Lay!
Citrus head poople."
Crazy Yiuf hits you with a +4 quarterstaff of chaos!
* * * LOW HITPOINT WARNING * * *
Crazy Yiuf grits, "Pitchfork fast testudinal!"
Crazy Yiuf hits you with a +4 quarterstaff of chaos!
Ouch! That really hurt!
You die...

######## ##.#..#)###
###
#####.....)#.)##)))#
#.........####@g)).#
#......#.## ###)))#
###.....#### ###
........# ........#
........###### ###
##......#....## #.#
#.............# #.#
.# #......#.#....#
##.## .#


You could see Crazy Yiuf.

Vanquished Creatures
  An adder (D:2)
  A dart slug (D:1)
  A bat (D:2)
  2 ball pythons (D:1)
  A frilled lizard (D:1)
  3 rats
9 creatures vanquished.

Vanquished Creatures (others)
  12 foxfires (D:1)
12 creatures vanquished.

Grand Total: 21 creatures vanquished

Notes
Turn   | Place    | Note
-------+----------+-------------------------------------------
     0 | D:1      | ChrisAssaf the Djinni Fire Elementalist began the quest for
                  | the Orb.
     0 | D:1      | ChrisAssaf set off with the following spells memorised:
                  | Foxfire, Scorch, Volatile Blastmotes, Inner Flame, Flame
                  | Wave.
     0 | D:1      | Reached XP level 1. HP: 15/15 MP: 0/0
   126 | D:1      | Reached XP level 2. HP: 7/21 MP: 0/0
   353 | D:2      | Found a runed translucent door.
   354 | D:2      | Noticed Crazy Yiuf
   360 | D:2      | Paralysed by Crazy Yiuf for 4 turns
   362 | D:2      | Mangled by Crazy Yiuf

Illustrated notes

Levels and vault maps discovered:
D:1:      dpeg_chamrin_arrival_tetris, layout_rooms, minmay_misc_feat_chi,
          corexii_leaking_fountain, hangedman_decor_points
D:2:      layout_loops_ring, shapermc_ecumenical_altar_mp_ritualfount,
          minmay_misc_feat_doors, uniq_crazy_yiuf_cottage

Action                     || total
---------------------------++-------
   Cast: Foxfire           ||     7
         Scorch            ||     5
    Use: Potion            ||     1
 Armour: Robe              ||     1
  Dodge: Dodged            ||     4
